 Dungeon Crawl Stone Soup version 0.15.0-34-g666c3a1 (webtiles) character file.

966 Johnny the Ruffian (level 7, -5/67 HPs)
             Began as a Troll Transmuter on Sept 16, 2014.
             Was an Initiate of Qazlal.
             Killed by divine providence
             ... invoked by an orc priest
              (13 damage)
             ... on Level 5 of the Dungeon.
             The game lasted 00:10:16 (4044 turns).

Johnny the Ruffian (Troll Transmuter)               Turns: 4044, Time: 00:10:16

HP  -5/67        AC  4     Str 19      XL: 7   Next: 93%
MP   8/8         EV 11     Int  9      God: Qazlal [......]
Gold 189         SH  0     Dex 12      Spells:  1 memorised, 10 levels left

rFire  . . .     SeeInvis .       - Unarmed
rCold  . . .     Clarity  +     c - +0 robe
rNeg   . . .     rCorr    .     (shield restricted)
rPois  .         rRot     .     (helmet restricted)
rElec  .         Spirit   .     (no cloak)
SustAb .         Warding  .     (gloves unavailable)
rMut   .         Stasis   .     (boots unavailable)
Gourm  +                        r - amulet of clarity
MR     .....                    (no ring)
                                h - ring of stealth

@: not resistant to hostile enchantments, fairly stealthy
A: unfitting armour, claws 3, deformed body, fast metabolism 3, gourmand,
regeneration 2, saprovore 2, shaggy fur 1, tough skin 2
a: Renounce Religion


You were on level 5 of the Dungeon.
You worshipped Qazlal.
Qazlal was noncommittal.
You were not hungry.

You visited 2 branches of the dungeon, and saw 6 of its levels.

You collected 269 gold pieces.
You spent 80 gold pieces at shops.

Inventory:

Missiles
 b - 60 arrows
Armour
 c - a +0 robe (worn)
Magical devices
 o - a wand of confusion (0)
 u - a wand of paralysis (5)
 x - a wand of cold (9) {unknown}
Comestibles
 a - 3 meat rations
 f - 2 bread rations
Scrolls
 e - 3 scrolls of identify
 g - a scroll of fog
 i - 2 scrolls of amnesia
 k - 3 scrolls of immolation
 m - a scroll of remove curse
 n - a scroll of random uselessness
 s - 2 scrolls of magic mapping
Jewellery
 h - a ring of stealth (left claw)
 l - an uncursed amulet of resist corrosion
 q - a cursed -2 ring of protection {unknown}
 r - an amulet of clarity (around neck)
 t - an uncursed amulet of stasis
 w - an uncursed ring of protection from cold {unknown}
Potions
 j - a potion of curing
Books
 d - a book of Changes

   Spells                             Type                      Level
   *Beastly Appendage                 Transmutation                1
   Sticks to Snakes                   Transmutation                2
   Spider Form                        Transmutation/Poison         3
   Ice Form                           Ice/Transmutation            4
   Blade Hands                        Transmutation                5


   Skills:
 * Level 3.1 Fighting
 * Level 3.3 Dodging
 * Level 2.0 Stealth
 * Level 4.6 Unarmed Combat
 * Level 2.5 Spellcasting
 * Level 3.3 Transmutations


You had 10 spell levels left.
You knew the following spells:

 Your Spells              Type           Power        Failure   Level  Hunger
a - Beastly Appendage     Trmt           #.....       12%         1    ##.....


Dungeon Overview and Level Annotations

Branches:
Dungeon (5/15)             Temple (1/1) D:4

Altars:
Ashenzari
Cheibriados
Dithmenos
Elyvilon
Fedhas
Kikubaaqudgha
Makhleb
Nemelex Xobeh
Okawaru
Qazlal
Sif Muna
Vehumet
Xom
Yredelemnul

Shops:
D:4 ?

Annotations:
D:5 Prince Ribbit


Innate Abilities, Weirdness & Mutations

You are too large for most types of armour.
You have claws for hands.
Your metabolism is lightning-fast.
You like to eat raw meat.
You heal very quickly.
You can eat rotten meat.
You are covered in fur (AC +1).
You have very tough skin (AC +2).
Armour fits poorly on your strangely shaped body.


Message History

Aim: an orc priest wearing a ring mail Nothing appears to happen.
The orc hits you but does no damage. The orc priest closely misses you.
The orc closely misses you. The orc closely misses you.
The orc priest hits you but does no damage.
The orc priest calls down the wrath of Beogh upon you.
Something smites you!
* * * LOW HITPOINT WARNING * * *
The orc priest calls down the wrath of Beogh upon you.
Pain shoots through your body!
* * * LOW HITPOINT WARNING * * *
The orc priest looks braver.
There is an open door here.
The orc priest invokes the aid of Beogh against you.
Something smites you!
* * * LOW HITPOINT WARNING * * *
The orc priest calls down the wrath of Beogh upon you.
Something smites you!
You die...

#.........#.# #.#.#.#.
#..........#.#.#.#.#.#
######..#.#.#.#.#.#.#.
#o#.#.#.#.#.#.#.#
###########.o#.#.#.#.#.#.#.
#.........#a#.#.#.#.#.#.#.#
#.........#o.#.#.#.#.#.#.#.
#.........#'#.#.#.#.#.#.#.#
#.........@......#.#.#.#...
#...............#.#.#.#+...
#...)............#.#.#.#...
#######....%....#>#.#.#'...
#..........#.#.#.#...
#######.#.#.#.#.#.#+#
#.#.#.#.#.#.#.#.
##.#.#^#.#.#.#.#
#.#.#.#.#.#.#.#.


You could see a worker ant, 2 orc priests and an orc.

Vanquished Creatures
  Edmund (D:4)
  An ogre (D:5)
  A centaur (D:5)
  An ice beast (D:5)
  Sigmund (D:3)
  4 wights (D:4)
  A crimson imp (D:5)
  A centaur zombie (D:5)
  A jelly (D:3)
  An orc priest (D:4)
  An orc wizard (D:4)
  A worker ant (D:4)
  3 adders
  4 gnolls (D:4)
  A shadow imp (D:4)
  A worm (D:2)
  3 giant geckos
  An ooze (D:3)
  6 orcs (D:4)
  7 bats
  3 giant cockroaches (D:2)
  A gnoll zombie (D:4)
  6 hobgoblins
  7 jackals
  12 kobolds
  A quokka (D:4)
  4 giant newts
  10 goblins
  A kobold skeleton (D:4)
  6 rats
92 creatures vanquished.

Vanquished Creatures (others)
  An orc priest (D:4)
1 creature vanquished.

Grand Total: 93 creatures vanquished

Notes
Turn   | Place    | Note
--------------------------------------------------------------
     0 | D:1      | Johnny, the Troll Transmuter, began the quest for the Orb.
     0 | D:1      | Reached XP level 1. HP: 18/18 MP: 2/2
    30 | D:1      | Reached skill level 1 in Fighting
   185 | D:1      | Reached XP level 2. HP: 27/27 MP: 2/2
  1044 | D:2      | Reached XP level 3. HP: 33/33 MP: 3/3
  1588 | D:3      | Reached XP level 4. HP: 37/42 MP: 4/4
  1975 | D:3      | Noticed Sigmund
  1986 | D:3      | Killed Sigmund
  1986 | D:3      | Reached skill level 1 in Stealth
  1986 | D:3      | Reached XP level 5. HP: 49/49 MP: 3/4
  2266 | D:4      | Reached XP level 6. HP: 28/59 MP: 4/6
  2354 | D:4      | Gained mutation: Armour fits poorly on your strangely shaped body. [potion of mutation]
  2354 | D:4      | Gained mutation: Potions and wands are less effective at restoring your health. [potion of mutation]
  2354 | D:4      | Lost mutation: Potions and wands are less effective at restoring your health. [potion of mutation]
  2449 | D:4      | Reached skill level 4 in Unarmed Combat
  2681 | D:4      | Found Heinuc's Magic Scroll Shoppe.
  2739 | D:4      | Bought a scroll of identify for 20 gold pieces
  2739 | D:4      | Bought a scroll of identify for 20 gold pieces
  2739 | D:4      | Bought a scroll of identify for 20 gold pieces
  2739 | D:4      | Bought a scroll of identify for 20 gold pieces
  2759 | D:4      | Found a staircase to the Ecumenical Temple.
  2881 | D:4      | Found a sparkling altar of Nemelex Xobeh.
  3193 | D:4      | Reached XP level 7. HP: 55/66 MP: 8/8
  3288 | D:4      | Noticed Edmund
  3308 | D:4      | Killed Edmund
  3466 | Temple   | Entered the Ecumenical Temple
  3551 | Temple   | Became a worshipper of Qazlal Stormbringer
  3685 | D:5      | Entered Level 5 of the Dungeon
  3875 | D:5      | Found a basalt altar of Yredelemnul.
  3933 | D:5      | Found a radiant altar of Vehumet.
  4029 | D:5      | Noticed Prince Ribbit
  4044 | D:5      | Killed from afar by an orc priest

Action                   |  1- 3 |  4- 6 |  7- 9 || total
-------------------------+-------+-------+-------++-------
Melee: Unarmed           |   116 |   144 |    59 ||   319
 Cast: Beastly Appendage |       |     8 |     3 ||    11
Evoke: Wand              |       |     8 |     5 ||    13
  Use: Scroll            |       |     7 |     1 ||     8
       Potion            |       |     5 |       ||     5
 Stab: Paralysed         |       |     1 |       ||     1
       Invisible         |       |     3 |       ||     3
       Confused          |       |     1 |       ||     1
       Sleeping          |       |       |     3 ||     3
  Eat: Chunk             |    11 |    19 |     6 ||    36
       Beef jerky        |       |     1 |       ||     1
